 Dungeon Crawl Stone Soup version 0.27-a0-1595-g0b823d0a13 (webtiles) character file.

Game seed: 10403459519346572315

3707 Spaninq the Grappler (level 9, -1/83 HPs)
             Began as a Troll Warper on July 20, 2021.
             Was a Believer of Hepliaklqana.
             Slain by an orc warrior (17 damage)
             ... on level 7 of the Dungeon.
             The game lasted 00:14:10 (5161 turns).

Spaninq the Grappler (Troll Warper)                 Turns: 5161, Time: 00:14:12

Health: -1/83      AC:  4    Str: 22    XL:     9   Next: 91%
Magic:  9/9        EV: 10    Int: 10    God:    Hepliaklqana [**....]
Gold:   1117       SH:  0    Dex: 10    Spells: 8/10 levels left

rFire    + . .     SeeInvis .     - Unarmed
rCold    . . .     Faith    .   (no shield)
rNeg     + . .     Spirit   .   a - +0 robe
rPois    .         Reflect  .   (helmet restricted)
rElec    .         Harm     .   (no cloak)
rCorr    .         Rampage  .   (gloves unavailable)
Will     .....                  (boots unavailable)
Stlth    +.........             (no amulet)
HPRegen  1.23/turn              t - ring of positive energy
MPRegen  0.11/turn              u - ring of protection from fire

@: lethally poisoned (-1 -> -2)
A: reduced essence, large, unfitting armour, claws 3, regeneration 1, shaggy fur
1, tough skin 1
a: Renounce Religion, Recall Ancestor, Ancestor Identity


You were on level 7 of the Dungeon.
You worshipped Hepliaklqana.
Hepliaklqana was pleased with you.
You visited 2 branches of the dungeon, and saw 9 of its levels.

You collected 1117 gold pieces.

Inventory:

Missiles
 c - 5 boomerangs of dispersal (quivered)
Armour
 a - a +0 robe (worn)
Jewellery
 t - a ring of positive energy (left claw)
 u - a ring of protection from fire (right claw)
Wands
 j - a wand of polymorph (10)
Scrolls
 b - a scroll of blinking
 g - 2 scrolls of teleportation
 k - 3 scrolls of identify
 m - a scroll of fog
Potions
 d - 5 potions of curing
 e - a potion of haste {unknown}
 f - a potion of degeneration {unknown}
 h - 4 potions of heal wounds
 i - a potion of flight
 l - 2 potions of magic {unknown}
 n - 2 potions of mutation
 o - 2 potions of brilliance


   Skills:
 + Level 7.0 Fighting
 - Level 0.8 Throwing
 - Level 1.9 Dodging
 * Level 11.6 Unarmed Combat
 - Level 1.2 Spellcasting
 - Level 2.1 Translocations


You had 8 spell levels left.
You knew the following spells:

 Your Spells              Type           Power      Damage    Failure   Level
a - Blink                 Tloc           N/A        N/A       21%         2

Your spell library contained the following spells:

 Spells                   Type           Power      Damage    Failure   Level
 Gell's Gravitas          Tloc           2%         N/A       38%         3
 Lesser Beckoning         Tloc           2%         N/A       38%         3
 Teleport Other           Tloc           5%         N/A       38%         3
 Slow                     Hex            0%         N/A       45%         2
 Confusing Touch          Hex            0%         N/A       71%         3
 Ignite Poison            Fire/Tmut/Pois 0%         N/A       71%         3
 Mephitic Cloud           Conj/Pois/Air  0%         N/A       71%         3
 Tukima's Dance           Hex            0%         N/A       71%         3
 Vampiric Draining        Necr           0%         2d6       71%         3
 Passage of Golubria      Tloc           N/A        N/A       80%         4
 Manifold Assault         Tloc           5%         N/A       98%         5
 Bolt of Magma            Conj/Fire/Erth 0%         4d4       100%        5
 Yara's Violent Unravell  Hex/Tmut       0%         3d3       100%        5
 Malign Gateway           Summ/Tloc      1%         N/A       100%        7
 Summon Horrible Things   Summ           0%         N/A       100%        8


Dungeon Overview and Level Annotations

Branches:
Dungeon (8/15)             Temple (1/1) D:5
   Lair: D:8-11

Altars:
Cheibriados
Dithmenos
Gozag
Hepliaklqana
Makhleb
Nemelex Xobeh
Okawaru
Qazlal
Ru
Sif Muna
Trog
Uskayaw
Vehumet
Wu Jian
Xom
Yredelemnul
Zin
The Shining One

Shops:
D:2 !


Innate Abilities, Weirdness & Mutations

Your life essence is reduced to manifest your ancestor. (-10% HP)
You are too large for most types of armour.
You have claws for hands.
Your natural rate of healing is unusually fast.
You are covered in fur. (AC +1)
You have tough skin. (AC +1)


Message History

The orc warrior hits you with a +0 long sword.
You scratch the water moccasin.
The water moccasin is lightly wounded.
You feel sick. The bullfrog barely misses you.
The water moccasin closely misses you. The bullfrog hits you.
Centenhua hits the orc warrior but does no damage.
You scratch the water moccasin.
The water moccasin is moderately wounded.
You feel sick. The bullfrog barely misses you.
The orc warrior barely misses you. The water moccasin barely misses you.
The bullfrog hits you but does no damage.
You claw the water moccasin!
The water moccasin is heavily wounded.
You feel sick. The bullfrog closely misses you. The bullfrog barely misses you.
The water moccasin barely misses you.
Centenhua hits the orc warrior with a +0 flail!
The orc warrior hits you with a +0 long sword!
You closely miss the water moccasin.
The water moccasin is heavily wounded.
You feel sick. The bullfrog closely misses you.
The bullfrog hits you but does no damage.
The water moccasin closely misses you.
Centenhua hits the orc warrior with a +0 flail.
The bullfrog closely misses you. The orc warrior barely misses you.
You claw the water moccasin!
You kill the water moccasin!
The bullfrog barely misses you. x2
You scratch the orc warrior.
The orc warrior is heavily wounded.
You feel sick. The bullfrog hits you. The orc warrior barely misses you.
The bullfrog hits you.
* * * LOW HITPOINT WARNING * * *
The bullfrog barely misses you.
You scratch the orc warrior.
The orc warrior is severely wounded.
You feel sick. The bullfrog hits you.
* * * LOW HITPOINT WARNING * * *
Centenhua closely misses the orc warrior.
The orc warrior hits you with a +0 long sword!
You die...

.###+####......#.....#..#...#R.#.
...............####+##..#...#..#.
...............'....#...#...####.
...............#....##..#...#≈≈#.
.......(.......#....##......#..#.
###..####..##..####'##......#..#.
#########..##+###...##..#......#.
#....#......'..†oR......#..##..#.
#....#......#..[@.......#..)#..#.
#....#......#...FF..##..#..##.##.
#....#......#.......###.#)##...#.
##...##.....#.......[...#......#.
##...##....##.......##..#..#####.
.....##....##.......##..#..#PP...
............#...........####PPP..
.....[......#..<.................
R...........#..................##


You could see the friendly Centenhua the knight, an orc warrior (ally target)
and 2 bullfrogs.

Vanquished Creatures
  Eustachio (D:5)
  3 yaks
  Edmund (D:7)
  2 water moccasins
  An orc warrior (D:7)
  An ogre (D:5)
  A necrophage (D:6)
  A black bear (D:7)
  A sky beast (D:6)
  2 centaurs
  A phantom (D:5)
  Blork the orc (D:5)
  4 bullfrogs (D:7)
  A scorpion (D:5)
  2 water moccasin zombies
  A water moccasin skeleton (D:4)
  6 howler monkeys
  A bullfrog zombie (D:6)
  2 centaur zombies (D:5)
  2 hounds
  An orc priest (D:4)
  2 jellies
  Natasha (thrice) (D:2)
  5 iguanas
  5 orc wizards
  3 gnolls (D:7)
  A howler monkey skeleton (D:6)
  11 adders
  A shadow imp (D:3)
  A white imp (D:4)
  An ufetubus (D:5)
  2 adder skeletons (D:4)
  2 worms
  3 dart slugs
  16 orcs
  7 ball pythons
  12 endoplasms
  5 giant cockroaches
  4 goblins
  6 hobgoblins
  9 jackals
  5 quokkas
  2 bats (D:2)
  4 frilled lizards
  4 kobolds
  3 rats
  A spectral hobgoblin (D:1)
154 creatures vanquished.

Vanquished Creatures (collateral kills)
  Sigmund (D:7)
  A centaur zombie (D:7)
  A centaur skeleton (D:7)
  A gnoll (D:7)
  3 orcs (D:8)
7 creatures vanquished.

Vanquished Creatures (others)
  A yak (D:8)
  An orc wizard (D:8)
  An ancestor (D:8)
  A knight (D:8)
  43 fungi (D:8)
  40 plants (D:8)
87 creatures vanquished.

Grand Total: 248 creatures vanquished

Notes
Turn   | Place    | Note
-------+----------+-------------------------------------------
     0 | D:1      | Spaninq the Troll Warper began the quest for the Orb.
     0 | D:1      | Reached XP level 1. HP: 19/19 MP: 1/1
    80 | D:1      | Reached XP level 2. HP: 28/28 MP: 2/2
    83 | D:1      | Learned a level 2 spell: Blink
   341 | D:1      | Found a faded altar of an unknown god.
   345 | D:1      | Reached skill level 3 in Unarmed Combat
   355 | D:1      | Became a worshipper of Ru the Awakened
   356 | D:1      | Fell from the grace of Ru
   533 | D:1      | Reached XP level 3. HP: 35/35 MP: 3/3
  1087 | D:2      | Noticed Natasha
  1097 | D:2      | Killed Natasha
  1098 | D:2      | Reached XP level 4. HP: 40/44 MP: 4/4
  1118 | D:2      | Found Genoxaorr's Distillery.
  1194 | D:2      | Reached skill level 4 in Unarmed Combat
  1223 | D:2      | Noticed Natasha
  1227 | D:2      | Killed Natasha
  1445 | D:2      | Noticed Natasha
  1453 | D:2      | Killed Natasha
  1454 | D:2      | Reached XP level 5. HP: 46/50 MP: 5/5
  1523 | D:3      | Found an opulent altar of Gozag.
  1908 | D:3      | Reached skill level 5 in Unarmed Combat
  2160 | D:4      | Reached XP level 6. HP: 43/61 MP: 6/6
  2235 | D:4      | Noticed a water moccasin
  2255 | D:4      | Killed a water moccasin
  2256 | D:4      | Reached skill level 6 in Unarmed Combat
  2379 | D:4      | Reached XP level 7. HP: 68/68 MP: 7/7
  2699 | D:5      | Entered Level 5 of the Dungeon
  2746 | D:5      | Reached skill level 7 in Unarmed Combat
  2896 | D:5      | Noticed Blork the orc
  2906 | D:5      | Killed Blork the orc
  2907 | D:5      | Reached XP level 8. HP: 73/79 MP: 8/8
  2913 | D:5      | Reached skill level 8 in Unarmed Combat
  2994 | D:5      | Found a staircase to the Ecumenical Temple.
  3002 | Temple   | Entered the Ecumenical Temple
  3061 | Temple   | Became a worshipper of Hepliaklqana the Forgotten
  3112 | D:5      | Noticed Eustachio
  3130 | D:5      | Killed Eustachio
  3131 | D:5      | Reached skill level 5 in Fighting
  3254 | D:5      | Reached skill level 9 in Unarmed Combat
  3975 | D:6      | Reached XP level 9. HP: 66/89 MP: 9/9
  4025 | D:7      | Reached skill level 10 in Unarmed Combat
  4042 | D:7      | Identified a scroll of acquirement
  4042 | D:7      | Acquired 879 gold pieces
  4084 | D:7      | Reached * piety under Hepliaklqana
  4441 | D:7      | Found an ornate altar of the Wu Jian Council.
  4722 | D:7      | Noticed Sigmund
  4732 | D:7      | Killed Sigmund
  4736 | D:7      | Identified the +0 scythe of Indomitability {vorpal, *Noise
                  | Will+ SInv}
  4776 | D:7      | Noticed Edmund
  4785 | D:7      | Killed Edmund
  4884 | D:8      | Reached skill level 11 in Unarmed Combat
  4919 | D:8      | Noticed an efreet
  5027 | D:8      | Reached ** piety under Hepliaklqana
  5050 | D:8      | Remembered your ancestor Centenhua as a knight
  5161 | D:7      | Slain by an orc warrior

Illustrated notes

Levels and vault maps discovered:
D:1:      psy_arrival_spokes, layout_basic,
          dreamdust_ecumenical_altar_drowned_temple, minmay_curled_crystal,
          minmay_misc_feat_x
D:2:      layout_loops_ring, serial_shops, shop, uniq_natasha
D:3:      minmay_recursive_quarters, layout_basic, old_standard_altar,
          hangedman_decor_points
D:4:      layout_cave_pools, st_stairs_3, kennysheep_generic_room_12
D:5:      layout_basic, minmay_temple_entry_trees, st_stairs_14, uniq_eustachio,
          uniq_blork_the_orc
D:6:      layout_basic
D:7:      layout_gridville, nicolae_wu_jian_wuxing_cycle,
          sigmund_edmund_badplayer
D:8:      layout_basic, due_lair_maze_entry_diamond, kb_rosetta, uniq_erica
Temple:   nicolae_temple_x_marks_the_god

Skill      XL: |  1  2  3  4  5  6  7  8  9 |
---------------+----------------------------+-----
Fighting       | 2 3 4 5 7 |  7.0
Unarmed Combat | 3 4 5 6 7 9 11 | 11.6
Throwing       | |  0.8
Dodging        | |  1.9
Spellcasting   | |  1.2
Translocations | |  2.1

Action                   |  1- 3 |  4- 6 |  7- 9 || total
-------------------------+-------+-------+-------++-------
Melee: Unarmed           |    81 |   134 |   269 ||   484
       Punch             |     1 |     2 |     8 ||    11
Invok: Renounce Religion |     1 |       |       ||     1
       Recall Ancestor   |       |       |     1 ||     1
       Ancestor Life: Kn |       |       |     1 ||     1
  Use: Potion            |       |     1 |       ||     1
       Scroll            |       |       |    17 ||    17
 Stab: Sleeping          |     2 |       |       ||     2
Armor: Robe              |    27 |    30 |    84 ||   141
Dodge: Dodged            |    26 |    43 |   137 ||   206

Table legend: (Time is in decaauts)
 A = Elapsed time spent in this place.
 B = Non-inter-level travel time spent in this place.
 C = Inter-level travel time spent in this place.
 D = Time resting spent in this place.
 E = Time spent auto-exploring this place.
 F = Levels seen in this place.
 G = Mean time per level.
                   A        B        C        D        E       F      G
               +--------+--------+--------+--------+--------+-----+--------+
         Total |   5106 |   4860 |    246 |     66 |   3585 |   9 |  567.3 |
       Dungeon |   5042 |   4796 |    246 |     66 |   3538 |   8 |  630.2 |
        Temple |     63 |     63 |      0 |      0 |     47 |   1 |   63.0 |
               +--------+--------+--------+--------+--------+-----+--------+

Top non-repeatable levels by time:
     D:7: 1047 daAuts
     D:1: 901 daAuts
     D:5: 675 daAuts
     D:3: 622 daAuts
     D:2: 620 daAuts
     D:4: 539 daAuts
     D:6: 530 daAuts
     D:8: 105 daAuts
  Temple: 63 daAuts
